 Dungeon Crawl Stone Soup version 0.23.2-33-g5129a83184 (webtiles) character file.

Game seed: 16754300097177046777

22836 Derp the Slicer (level 12, -1/95 HPs)
             Began as a Demonspawn Gladiator on July 23, 2019.
             Was the Champion of Okawaru.
             Slain by a tormentor (4 damage)
             ... on level 1 of the Abyss.
             The game lasted 00:51:32 (14919 turns).

Derp the Slicer (Demonspawn Gladiator)             Turns: 14919, Time: 00:51:33

Health: -1/95      AC: 31    Str: 16    XL:     12   Next: 66%
Magic:  10/12      EV: 18    Int: 18    God:    Okawaru [******]
Gold:   811        SH:  6    Dex: 21    Spells: 11/11 levels left

rFire    + . .     SeeInvis +   S - +7 trident of the Wasteland {flame, rC+ Str-5 Dex+2}
rCold    + + .     Gourm    .   U - +0 buckler "Seixtil" {rElec MR+ Str+2 SInv} (curse)
rNeg     . . .     Faith    .   i - +4 scale mail {rF+}
rPois    .         Spirit   .   A - +4 helmet "Siezeot" {MR- Int+9 Slay+3 SInv}
rElec    +         Reflect  .   (no cloak)
rCorr    .         Harm     .   D - +2 pair of gloves {Dex+3}
MR       .....                  (no boots)
Stlth    +++.......             k - amulet of the acrobat
HPRegen  0.25/turn              J - ring of protection from cold
MPRegen  0.13/turn              r - +4 ring of protection

@: heroism, studying Unarmed Combat
A: talons 1, thin metallic scales 3, powered by death 1, powered by pain 1,
augmentation 2
a: Heroism, Finesse, Renounce Religion


You were on level 1 of the Abyss.
You worshipped Okawaru.
Okawaru was exalted by your worship.
You were not hungry.

You visited 5 branches of the dungeon, and saw 17 of its levels.
You visited the Abyss 1 time.
You also visited: Sewer and Volcano.

You collected 949 gold pieces.
You spent 138 gold pieces at shops.

Inventory:

Hand Weapons
 a - a +0 long sword
 o - a +4 dagger
 O - a +1 short sword of electrocution
 Q - a +0 short sword of venom
 S - the +7 trident of the Wasteland (weapon) {flame, rC+ Str-5 Dex+2}
   (You found it on level 1 of the Spider Nest)

   It has been specially enchanted to burn those struck by it, causing extra
   injury to most foes and up to half again as much damage against particularly
   susceptible opponents.
   It affects your strength (-5).
   It affects your dexterity (+2).
   It protects you from cold.
 W - a +1 broad axe of venom
Missiles
 b - 8 silver javelins (quivered)
 d - 4 throwing nets
Armour
 i - a +4 scale mail of fire resistance (worn)
 A - the +4 helmet "Siezeot" (worn) {MR- Int+9 Slay+3 SInv}
   (You found it on level 5 of the Dungeon)

   It affects your intelligence (+9).
   It affects your accuracy and damage with ranged weapons and melee attacks
   (+3).
   It affects your resistance to hostile enchantments.
   It lets you see invisible.
 D - a +2 pair of gloves of dexterity (worn)
 U - the cursed +0 buckler "Seixtil" (worn) {rElec MR+ Str+2 SInv}
   (You found it on level 1 of the Abyss)

   It affects your strength (+2).
   It insulates you from electricity.
   It affects your resistance to hostile enchantments.
   It lets you see invisible.
   It has a curse placed upon it.
Magical Staves
 T - an uncursed staff of conjuration {unknown}
Jewellery
 k - an amulet of the acrobat (around neck)
 n - an uncursed ring of protection from cold
 r - a +4 ring of protection (right hand)
 v - a +4 ring of protection
 w - an uncursed ring of wizardry
 I - an uncursed ring of ice
 J - a ring of protection from cold (left hand)
 P - an uncursed ring of positive energy
 R - an uncursed amulet of rage {unknown}
 V - an uncursed ring of flight {unknown}
Wands
 c - a wand of random effects (11)
 t - a wand of flame (35)
 G - a wand of iceblast (9)
 L - a wand of polymorph (10)
Scrolls
 e - 2 scrolls of magic mapping
 h - 10 scrolls of teleportation
 j - 3 scrolls of remove curse
 p - 4 scrolls of identify
 x - a scroll of noise
 y - 3 scrolls of blinking {unknown}
 z - 2 scrolls of fear
 B - 4 scrolls of enchant weapon
 E - 3 scrolls of fog {unknown}
 F - 3 scrolls of random uselessness
 K - 2 scrolls of silence
 M - 2 scrolls of amnesia
Potions
 g - 3 potions of cancellation {unknown}
 l - 3 potions of degeneration
 m - a potion of heal wounds
 q - 4 potions of flight
 s - 2 potions of brilliance {unknown}
 u - 4 potions of invisibility
 C - 4 potions of magic
 N - 2 potions of might {unknown}
Books
 H - a manual of Unarmed Combat
Comestibles
 f - 19 rations


   Skills:
 + Level 9.2(14.2) Fighting
 + Level 11.6(16.9) Short Blades
 + Level 3.9(13.6) Long Blades
 + Level 5.0(10.0) Polearms
 + Level 2.0(7.0) Throwing
 + Level 10.4(15.4) Armour
 + Level 5.8(10.8) Dodging
 + Level 3.3(8.3) Stealth
 + Level 0.1(5.1) Shields
 + Level 0.2 Invocations


You had 11 spell levels left.
You didn't know any spells.
Your spell library contained the following spells:

 Spells                   Type           Power        Failure   Level  Hunger
 Animate Skeleton         Necr           N/A          47%         1    ##.....
 Apportation              Tloc           #.....       47%         1    ##.....
 Confusing Touch          Hex            #.....       47%         1    ##.....
 Magic Dart               Conj           #...         47%         1    ##.....
 Summon Small Mammal      Summ           #...         47%         1    ##.....
 Blink                    Tloc           N/A          63%         2    ###....
 Call Imp                 Summ           #.......     63%         2    ###....
 Slow                     Hex            #.......     63%         2    ###....
 Call Canine Familiar     Summ           #.......     85%         3    ####...
 Conjure Flame            Conj/Fire      #.......     85%         3    ####...
 Mephitic Cloud           Conj/Pois/Air  #.......     85%         3    ####...
 Summon Guardian Golem    Hex/Summ       #.......     85%         3    ####...
 Summon Ice Beast         Ice/Summ       #.......     99%         4    #####..
 Summon Lightning Spire   Summ/Air       #.......     99%         4    #####..
 Irradiate                Conj/Tmut      #.........   100%        5    ######.
 Hydra Form               Tmut           #.........   100%        6    #######
 Statue Form              Tmut/Erth      #........    100%        6    #######
 Dragon Form              Tmut           #.........   100%        7    #######


Dungeon Overview and Level Annotations

Branches:
Dungeon (10/15)            Temple (1/1) D:6            Lair (3/6) D:9
 Spider (1/4) Lair:2          Orc (2/2) D:10
  Swamp: Lair:2-4    Shoals: Lair:2-4       Elf: Orc:2

Altars:
Ashenzari
Dithmenos
Elyvilon
Fedhas
Gozag
Hepliaklqana
Kikubaaqudgha
Makhleb
Nemelex Xobeh
Okawaru
Qazlal
Ru
Sif Muna
Trog
Uskayaw
Vehumet
Wu Jian
Xom
The Shining One

Shops:
D:4 *   D:6 =![!*   D:8 }   D:9 *

Annotations:
Orc:2 Sonja


Innate Abilities, Weirdness & Mutations

You have sharp toenails.
You are completely covered in thin metallic scales. (AC +4, rElec)
You regenerate a little health from kills.
You sometimes gain a little power by taking damage.
Your magical and physical power is enhanced at high health.


Message History

Aim: a large abomination You reach to attack!
You puncture the large abomination! You burn the large abomination.
The large abomination is moderately damaged.
You hit the large abomination but do no damage.
The large abomination is moderately damaged.
The tormentor calls on the powers of darkness!
Your body is wracked with pain!
The large abomination hits you!!
* * * LOW HITPOINT WARNING * * *
You are too injured to fight recklessly!
You gain the combat prowess of a mighty hero.
The tormentor calls on the powers of darkness!
Your body is wracked with pain!
* * * LOW HITPOINT WARNING * * *
The large abomination hits you!
* * * LOW HITPOINT WARNING * * *
The tormentor hits you.
* * * LOW HITPOINT WARNING * * *
You writhe in agony.
You die...

... ##. # ... #
...#.. #. ...#. .# #
## . #.##..# .###
#### # ... . #..#.#
#.##..# .## #
#.#.#..###...##......
# #..
#.....##...###......
# ###.....##X.#...##[
. #...#...@2#..... #
#.....#.##.#..## # .
.#.#...#.#..#...##...
#...#.####..##.#..##.
.#####. #.#(..##.#..
... . #..#.##.# . #.
###### . # ## .. .


You could see a large abomination and a tormentor.

Vanquished Creatures
  A lich (Abyss:1)
  An emperor scorpion (Spider:1)
  Fannar (Lair:1)
  Harold (Lair:2)
  Josephine (Orc:2)
  A hydra (Lair:3)
  A two-headed ogre (D:10)
  4 orb spiders (Spider:1)
  A wolf spider (Spider:1)
  An oklob plant (Lair:2)
  A moth of wrath (Spider:1)
  A manticore (D:10)
  3 spiny frogs
  A rime drake (Lair:2)
  2 demonic crawlers (Spider:1)
  A komodo dragon (Lair:2)
  A jumping spider (Spider:1)
  A hornet (Lair:3)
  4 hippogriffs
  16 redbacks (Spider:1)
  A tarantella (Spider:1)
  A wraith (D:8)
  2 wyverns
  9 yaks
  2 wargs (D:10)
  3 porcupines (Lair:2)
  2 water moccasins
  2 sky beasts
  5 orc warriors
  2 ice beasts (D:10)
  2 black bears
  A phantom (D:7)
  2 small abominations (Abyss:1)
  10 ogres
  3 crocodiles
  4 big kobolds
  A gnoll sergeant (D:9)
  9 bullfrogs
  5 scorpions
  4 wights (D:10)
  A killer bee (D:8)
  A howler monkey (D:5)
  2 crimson imps (D:5)
  A bullfrog zombie (D:3)
  2 centaur zombies (D:8)
  3 quasits
  8 hounds
  A jelly (D:6)
  9 orc wizards
  A bullfrog skeleton (D:9)
  A gnoll shaman (D:4)
  7 orc priests
  A centaur skeleton (D:10)
  Terence (D:3)
  2 iguanas
  Natasha (thrice) (D:3)
  12 worker ants
  A worker ant zombie (D:5)
  13 gnolls
  2 river rats
  13 adders
  3 shadow imps
  A white imp (Abyss:1)
  5 oozes
  3 adder skeletons
  An adder zombie (D:8)
  11 worms
  A dart slug (D:1)
  4 leopard geckos
  35 orcs
  13 giant cockroaches
  8 goblins
  12 hobgoblins
  13 jackals
  17 kobolds
  2 quokkas
  5 ball pythons
  A ball python skeleton (D:4)
  10 bats
  7 frilled lizards
  A jackal skeleton (D:4)
  A jackal zombie (D:8)
  A quokka skeleton (D:3)
  12 rats
  A plant (Lair:1)
367 creatures vanquished.

Vanquished Creatures (others)
  4 plants (Lair:3)
4 creatures vanquished.

Grand Total: 371 creatures vanquished

Notes
Turn   | Place    | Note
-------+----------+-------------------------------------------
     0 | D:1      | Derp the Demonspawn Gladiator began the quest for the Orb.
     0 | D:1      | Reached XP level 1. HP: 16/16 MP: 1/1
   185 | D:1      | Gained mutation: You are partially covered in thin metallic
                  | scales. (AC +2) [demonic ancestry]
   185 | D:1      | Reached XP level 2. HP: 8/22 MP: 2/2
   819 | D:1      | Gained mutation: You are mostly covered in thin metallic
                  | scales. (AC +3) [demonic ancestry]
   819 | D:1      | Reached XP level 3. HP: 24/27 MP: 3/3
  1822 | D:3      | Reached XP level 4. HP: 31/33 MP: 4/4
  2080 | D:3      | Reached skill level 1 in Armour
  2136 | D:3      | Noticed Natasha
  2153 | D:3      | Killed Natasha
  2433 | D:3      | Noticed Natasha
  2447 | D:3      | Killed Natasha
  2447 | D:3      | Gained mutation: You sometimes gain a little power by
                  | taking damage. [demonic ancestry]
  2447 | D:3      | Reached XP level 5. HP: 7/39 MP: 5/5
  2714 | D:3      | Noticed Terence
  2728 | D:3      | Killed Terence
  2902 | D:3      | Reached skill level 1 in Short Blades
  2990 | D:3      | Noticed Natasha
  2998 | D:3      | Killed Natasha
  3180 | D:3      | Gained mutation: You are completely covered in thin
                  | metallic scales. (AC +4, rElec) [demonic ancestry]
  3180 | D:3      | Reached XP level 6. HP: 29/46 MP: 6/6
  3310 | D:4      | Reached skill level 2 in Short Blades
  3693 | D:4      | Reached XP level 7. HP: 30/52 MP: 7/7
  4098 | D:4      | Reached skill level 3 in Short Blades
  4552 | D:4      | Found Vayguotz's General Store.
  4719 | D:5      | Entered Level 5 of the Dungeon
  4970 | D:5      | Reached skill level 4 in Short Blades
  4983 | D:5      | Reached skill level 5 in Armour
  4983 | D:5      | Gained mutation: You have sharp toenails. [demonic
                  | ancestry]
  4983 | D:5      | Reached XP level 8. HP: 31/58 MP: 8/8
  5305 | D:5      | Found a glowing drain.
  5314 | Sewer    | Entered a sewer
  5614 | Sewer    | Reached skill level 5 in Short Blades
  6043 | D:5      | Found a transporter.
  6047 | D:5      | Got an encrusted helmet
  6065 | D:5      | Found a transporter.
  6641 | D:5      | Identified the +4 helmet "Siezeot" {MR- Int+9 Slay+3 SInv}
                  | (You found it on level 5 of the Dungeon)
  7191 | D:6      | Found a glowing golden altar of the Shining One.
  7239 | D:6      | Found Kovetuwi's Assorted Antiques.
  7369 | D:6      | Found Midolity's Armour Emporium.
  7372 | D:6      | Bought a +0 pair of gloves of dexterity for 138 gold pieces
  7385 | D:6      | Reached skill level 1 in Stealth
  7389 | D:6      | Found Ughounec's Distillery.
  7400 | D:6      | Reached skill level 6 in Short Blades
  7425 | D:6      | Found Tisoes's Distillery.
  7459 | D:6      | Found a staircase to the Ecumenical Temple.
  7523 | D:6      | Gained mutation: You regenerate a little health from kills.
                  | [demonic ancestry]
  7523 | D:6      | Reached XP level 9. HP: 64/66 MP: 9/9
  7525 | D:6      | Found Gyrumei's Jewellery Boutique.
  7527 | D:6      | Found an opulent altar of Gozag.
  7721 | Temple   | Entered the Ecumenical Temple
  7849 | Temple   | Became a worshipper of Warmaster Okawaru
  8001 | D:7      | Reached skill level 5 in Fighting
  8126 | D:7      | Found a shattered altar of Ashenzari.
  8129 | D:7      | Found an opulent altar of Gozag.
  8129 | D:7      | Found a sparkling altar of Nemelex Xobeh.
  8129 | D:7      | Found a hazy altar of Hepliaklqana.
  8785 | D:8      | Reached * piety under Okawaru
  8796 | D:8      | Reached skill level 7 in Short Blades
  9240 | D:8      | Found Posu's Gadget Emporium.
  9531 | D:9      | Reached ** piety under Okawaru
  9627 | D:9      | Found a staircase to the Lair.
  9639 | Lair:1   | Entered Level 1 of the Lair of Beasts
  9659 | Lair:1   | Found a dark tunnel.
  9684 | Lair:1   | Noticed Fannar
  9744 | Lair:1   | Killed Fannar
  9744 | Lair:1   | Reached *** piety under Okawaru
  9744 | Lair:1   | Reached skill level 8 in Short Blades
  9744 | Lair:1   | Reached XP level 10. HP: 41/76 MP: 10/10
  9839 | Lair:1   | Noticed a spiny frog
  9855 | Lair:1   | Killed a spiny frog
 10039 | Lair:1   | Noticed a spiny frog
 10046 | Lair:1   | Killed a spiny frog
 10297 | Lair:1   | Reached skill level 9 in Short Blades
 10308 | Lair:1   | Reached **** piety under Okawaru
 10419 | Volcano  | Entered a volcano
 10456 | Volcano  | Noticed a fire dragon
 10586 | Lair:2   | Noticed a spiny frog
 10601 | Lair:2   | Killed a spiny frog
 10761 | Lair:2   | Found a hole to the Spider Nest.
 10762 | Lair:2   | Noticed Harold
 10767 | Lair:2   | Received a gift from Okawaru
 10986 | Lair:2   | Gained mutation: Your magical and physical power is
                  | slightly enhanced at high health. [demonic ancestry]
 10986 | Lair:2   | Reached XP level 11. HP: 71/83 MP: 11/11
 11008 | Lair:2   | Noticed an oklob plant
 11147 | Lair:2   | Killed Harold
 11147 | Lair:2   | Reached ***** piety under Okawaru
 11387 | Lair:2   | Found a stormy altar of Qazlal.
 11441 | Lair:2   | Killed an oklob plant
 11441 | Lair:2   | Reached skill level 10 in Short Blades
 11591 | Lair:3   | Noticed a four-headed hydra
 11600 | Lair:3   | Killed a four-headed hydra
 11600 | Lair:3   | Received a gift from Okawaru
 11600 | Lair:3   | Reached skill level 5 in Dodging
 11710 | Spider:1 | Entered Level 1 of the Spider Nest
 11712 | Spider:1 | Noticed an orb spider
 11727 | Spider:1 | Noticed a wolf spider
 11732 | Spider:1 | Killed a wolf spider
 11741 | Spider:1 | Killed an orb spider
 11970 | Spider:1 | Reached skill level 11 in Short Blades
 11979 | Spider:1 | Noticed an orb spider
 11980 | Spider:1 | Noticed an orb spider
 12022 | Spider:1 | Killed an orb spider
 12028 | Spider:1 | Killed an orb spider
 12028 | Spider:1 | Received a gift from Okawaru
 12028 | Spider:1 | Reached skill level 10 in Armour
 12181 | Spider:1 | Got a brightly glowing trident
 12280 | Spider:1 | Noticed an emperor scorpion
 12293 | Spider:1 | Killed an emperor scorpion
 12293 | Spider:1 | Gained mutation: Your magical and physical power is
                  | enhanced at high health. [demonic ancestry]
 12293 | Spider:1 | Reached XP level 12. HP: 45/94 MP: 12/12
 13489 | D:9      | Identified the +7 trident of the Wasteland {flame, rC+
                  | Str-5 Dex+2} (You found it on level 1 of the Spider Nest)
 13633 | D:9      | Found Soily's Assorted Antiques.
 13718 | D:10     | Entered Level 10 of the Dungeon
 13905 | D:10     | Found a staircase to the Orcish Mines.
 13994 | D:10     | Reached skill level 1 in Polearms
 14057 | D:10     | Noticed a two-headed ogre
 14061 | D:10     | Killed a two-headed ogre
 14358 | Orc:1    | Entered Level 1 of the Orcish Mines
 14507 | Orc:2    | Entered Level 2 of the Orcish Mines
 14509 | Orc:2    | Noticed Sonja
 14736 | Orc:2    | Noticed Josephine
 14781 | Orc:2    | Killed Josephine
 14786 | Orc:2    | Cast into level 1 of the Abyss (Sonja)
 14786 | Abyss:1  | Found a corrupted altar of Lugonu.
 14816 | Abyss:1  | Got a dazzling buckler
 14823 | Abyss:1  | Identified the cursed +0 buckler "Seixtil" {rElec MR+ Str+2
                  | SInv} (You found it on level 1 of the Abyss)
 14893 | Abyss:1  | Noticed a lich
 14903 | Abyss:1  | Noticed a green death
 14903 | Abyss:1  | Killed a lich
 14903 | Abyss:1  | Reached ****** piety under Okawaru
 14903 | Abyss:1  | Received a gift from Okawaru
 14908 | Abyss:1  | Reached skill level 5 in Polearms
 14919 | Abyss:1  | HP: 3/95 [tormentor (5)]
 14919 | Abyss:1  | Slain by a tormentor

Skill      XL: |  1  2  3  4  5  6  7  8  9 10 11 12 |
---------------+-------------------------------------+-----
Dodging        | 3 4 5 |  5.8
Long Blades    | 3 |  3.9
Armour         | 1 2 4 5 6 7 9 10 | 10.4
Short Blades   | 1 2 4 6 8 9 11 | 11.6
Fighting       | 3 4 5 6 8 9 |  9.2
Stealth        | 1 2 3 |  3.3
Throwing       | 2 |  2.0
Polearms       | 5 |  5.0
Shields        | |  0.1
Invocations    | |  0.2

Action                   |  1- 3 |  4- 6 |  7- 9 | 10-12 || total
-------------------------+-------+-------+-------+-------++-------
Melee: Long sword        |   136 |    24 |       |       ||   160
       Dagger            |       |   218 |   742 |   257 ||  1217
       Kick              |       |       |   207 |   224 ||   431
       Short sword       |       |       |       |   176 ||   176
       Punch             |       |       |       |     1 ||     1
       Trident           |       |       |       |   131 ||   131
Throw: Throwing net      |       |       |       |     1 ||     1
Invok: Heroism           |       |       |       |     2 ||     2
  Use: Scroll            |       |       |     9 |    12 ||    21
       Potion            |       |       |     1 |     9 ||    10
 Stab: Sleeping          |     2 |       |       |     2 ||     4
       Distracted        |       |       |       |     2 ||     2
  Eat: Chunk             |     3 |     4 |    11 |     6 ||    24
       Ration            |       |     1 |     3 |     3 ||     7
Armor: Leather armour    |    58 |     6 |       |       ||    64
       Chain mail        |       |    91 |   291 |    90 ||   472
       Scale mail        |       |       |       |   138 ||   138
Dodge: Dodged            |   120 |    85 |   296 |   262 ||   763
Block: Buckler           |       |       |       |     2 ||     2
       Rpst.: Long sword |    40 |     3 |       |       ||    43
